 Dungeon Crawl Stone Soup version 0.24.1-4-ge52af88ad5 (webtiles) character file.

Game seed: 1243574447881399910, levelgen mode: deterministic

95 Gruesph the Insei (level 4, -2/35 HPs)
             Began as a Draconian Transmuter on Apr 15, 2020.
             Was an Initiate of Nemelex Xobeh.
             Killed by divine providence
             ... invoked by an orc priest
              (8 damage)
             ... on level 3 of the Dungeon.
             The game lasted 00:14:24 (1931 turns).

Gruesph the Insei (Draconian Transmuter)            Turns: 1931, Time: 00:14:24

Health: -2/35      AC:  6    Str: 17    XL:     4   Next: 40%
Magic:  4/7        EV: 12    Int: 14    God:    Nemelex Xobeh [......]
Gold:   78         SH:  0    Dex: 12    Spells: 1/7 levels left

rFire    . . .     SeeInvis .     - Unarmed
rCold    . . .     Gourm    .   (no shield)
rNeg     . . .     Faith    .   (armour unavailable)
rPois    .         Spirit   .   (helmet restricted)
rElec    .         Reflect  .   (no cloak)
rCorr    .         Harm     .   n - +0 pair of gloves
MR       .....                  (no boots)
Stlth    +.........             (no amulet)
HPRegen  0.11/turn              (no ring)
MPRegen  0.10/turn              (no ring)

@: mighty, very slightly contaminated
A: unfitting armour, cold-blooded, AC +5
a: Draw Escape, Draw Destruction, Draw Summoning, Renounce Religion


You were on level 3 of the Dungeon.
You worshipped Nemelex Xobeh.
Nemelex Xobeh was noncommittal.
You were hungry.

You visited 1 branch of the dungeon, and saw 3 of its levels.

You collected 78 gold pieces.

Inventory:

Hand Weapons
 b - a +0 hunting sling
Missiles
 a - 58 arrows
 c - 50 stones
 j - 10 poisoned darts (quivered)
 o - 27 sling bullets
Armour
 n - a +0 pair of gloves (worn)
Jewellery
 l - a cursed ring of positive energy {unknown}
 m - a cursed ring of teleportation {unknown}
 p - an uncursed ring of poison resistance
Scrolls
 d - a scroll of remove curse {unknown}
 e - 3 scrolls of teleportation {unknown}
 i - 2 scrolls of identify {unknown}
Potions
 g - a potion of might
 h - a potion of agility {unknown}
 k - a potion of flight {unknown}
 q - a potion of brilliance {unknown}
Comestibles
 f - 3 rations


   Skills:
 - Level 1.1 Fighting
 - Level 1.7 Dodging
 + Level 4.8 Unarmed Combat
 - Level 2.0 Spellcasting
 - Level 2.0 Transmutations
 + Level 1.8 Poison Magic


You had one spell level left.
You knew the following spells:

 Your Spells              Type           Power        Failure   Level  Hunger
a - Beastly Appendage     Tmut           #.....       11%         1    ##.....
b - Sticks to Snakes      Tmut           #.......     16%         2    ###....
c - Spider Form           Tmut/Pois      #.........   32%         3    ####...

Your spell library contained the following spells:

 Spells                   Type           Power        Failure   Level  Hunger
 Ice Form                 Ice/Tmut       #.......     83%         4    #####..
 Blade Hands              Tmut           #.........   96%         5    ######.


Dungeon Overview and Level Annotations

Branches:
Dungeon (3/15)

Altars:
Nemelex Xobeh


Innate Abilities, Weirdness & Mutations

Your plain brown scales are hard. (AC +5)
You cannot fit into any form of body armour.
You are cold-blooded and may be slowed by cold attacks.


Message History

The orc wizard seems to speed up.
The orc hits your ball python with a +0 falchion.
Your ball python dies!
The orc hits you with a +0 hand axe.
* * * LOW HITPOINT WARNING * * *
You barely miss the orc.
Okay, then.
Unknown command.
It was a potion of might.
You feel very mighty all of a sudden. The orc misses you.
You see here a +0 short sword.
The orc wizard gestures wildly while chanting.
The orc wizard blinks!
The orc wizard casts a spell.
The orc wizard blinks!
The orc priest calls down the wrath of Beogh upon you.
Beogh smites you!
You die...
Your body disappears without a glow.

#.#.##....# #........
#.#.##....######........
#.#.##........##..o.....
#.#.##.#..###.##.###....
#.#................+....
#.####.#..##.###o###....
#.#.....................
#.############o########.
#.# #.@o.o)o§.# . #.#
#.######### #.# #. #.#
#. #.####. #...<#.
######. #.


You could see an orc priest, an orc wizard and 2 orcs.

Vanquished Creatures
  Terence (D:2)
  A gnoll (D:1)
  An adder (D:2)
  A worm (D:2)
  2 dart slugs (D:2)
  2 leopard geckos (D:1)
  3 orcs (D:2)
  3 bats
  2 giant cockroaches (D:1)
  7 goblins
  3 hobgoblins
  3 jackals (D:2)
  2 frilled lizards
  4 kobolds
  6 rats
41 creatures vanquished.

Vanquished Creatures (collateral kills)
  A giant cockroach (D:2)
1 creature vanquished.

Grand Total: 42 creatures vanquished

Notes
Turn   | Place    | Note
-------+----------+-------------------------------------------
     0 | D:1      | Gruesph the Draconian Transmuter began the quest for the
                  | Orb.
     0 | D:1      | Reached XP level 1. HP: 16/16 MP: 3/3
   291 | D:1      | Reached XP level 2. HP: 15/23 MP: 3/5
   303 | D:1      | Reached skill level 4 in Unarmed Combat
   541 | D:1      | Learned a level 2 spell: Sticks to Snakes
   792 | D:1      | Reached XP level 3. HP: 26/28 MP: 6/6
  1043 | D:1      | Learned a level 3 spell: Spider Form
  1325 | D:2      | Found a sparkling altar of Nemelex Xobeh.
  1352 | D:2      | Became a worshipper of Nemelex Xobeh the Trickster
  1375 | D:2      | Noticed Terence
  1388 | D:2      | Killed Terence
  1388 | D:2      | Reached skill level 1 in Poison Magic
  1388 | D:2      | Reached XP level 4. HP: 35/35 MP: 4/7
  1433 | D:2      | Received a gift from Nemelex Xobeh
  1931 | D:3      | Killed from afar by an orc priest

Levels and vault maps discovered:
D:1:      lemuel_arrival_river_ford, layout_basic
D:2:      layout_loops_cross, nemelex_xobeh_ov_fountains_minmay, first_ration,
          uniq_terence
D:3:      layout_basic, lemuel_round_altar, nicolae_overflow_hidden_temple,
          uniq_natasha

Skill      XL: |  1  2  3 |
---------------+----------+-----
Unarmed Combat | 4 |  4.8
Poison Magic   | 1 |  1.8
Fighting       | |  1.1
Dodging        | |  1.7
Spellcasting   | |  2.0
Transmutations | |  2.0

Action                   |  1- 3 |  4- 6 || total
-------------------------+-------+-------++-------
Melee: Unarmed           |   100 |    37 ||   137
       Tailslap          |     8 |     6 ||    14
       Kick              |     1 |       ||     1
Throw: Stone             |    31 |       ||    31
       Dart              |     3 |     1 ||     4
 Cast: Beastly Appendage |     1 |       ||     1
       Sticks to Snakes  |     2 |     1 ||     3
  Use: Potion            |       |     1 ||     1
 Stab: Sleeping          |     2 |       ||     2
  Eat: Chunk             |     2 |     1 ||     3
Armor: Skin              |    42 |     8 ||    50
Dodge: Dodged            |    59 |    17 ||    76
